 Dungeon Crawl Stone Soup version 0.30-a0-777-ga9a30cbeda (webtiles) character file.

Game seed: 9934662405070424392

20 Newt the Trooper (level 2, 0/24 HPs)
             Began as a Demonspawn Gladiator on Feb 14, 2023.
             Slain by a worm (8 damage)
             ... on level 2 of the Dungeon.
             The game lasted 00:00:56 (940 turns).

Newt the Trooper (Demonspawn Gladiator)              Turns: 940, Time: 00:00:57

Health: 0/24       AC:  3    Str: 20    XL:     2   Next: 58%
Magic:  2/2        EV: 12    Int:  9    God:
Gold:   67         SH:  0    Dex: 14    Spells: 1/1 levels left

rFire   . . .      SeeInvis .    k - +1 short sword (venom)
rCold   . . .      Faith    .    (no shield)
rNeg    . . .      Spirit   .    b - +0 leather armour
rPois   .          Reflect  .    (helmet restricted)
rElec   .          Harm     .    (no cloak)
rCorr   .          Rampage  .    (no gloves)
Will    .....                    (no boots)
Stlth   +                        (no amulet)
HPRegen 0.24/turn                l - +6 ring of strength
MPRegen 0.08/turn                r - ring of wizardry

@: weak-willed
A: horns 1
a: no special abilities


You were on level 2 of the Dungeon.
You visited 1 branch of the dungeon, and saw 2 of its levels.

You collected 67 gold pieces.

Inventory:

Hand Weapons
 a - a +0 rapier
 k - a +1 short sword of venom (weapon)
Missiles
 d - 3 throwing nets (quivered)
 e - a javelin
 o - 3 poisoned darts
Armour
 b - a +0 leather armour (worn)
 c - a +0 helmet
 h - a +2 robe of willpower
Jewellery
 l - a +6 ring of strength (left hand)
 r - a ring of wizardry (right hand)
Potions
 i - a potion of lignification
 n - a potion of haste {unknown}


   Skills:
 + Level 3.2 Fighting
 - Level 2.6 Short Blades
 - Level 1.7 Throwing
 - Level 2.6 Dodging


You had one spell level left.
You didn't know any spells.
Your spell library was empty.

Dungeon Overview and Level Annotations

Branches:
Dungeon (2/15)

Altars:


Innate Abilities, Weirdness & Mutations

You have a pair of small horns on your head.


Message History

The endoplasm quivers.
There are monsters nearby!
Your library has no spells.
Unknown command.
The endoplasm freezes you.
You are frozen.
You are too injured to fight recklessly!
You are too injured to fight recklessly!
You are too injured to fight recklessly!
You are too injured to fight recklessly!
You are too injured to fight recklessly!
You are too injured to fight recklessly!
You hit the endoplasm.
The endoplasm is severely wounded.
The endoplasm freezes you.
You are frozen.
* * * LOW HITPOINT WARNING * * *
You hit the endoplasm.
You kill the endoplasm!
Throw: 6 darts (poison)
Press: ? - help, Shift-Dir - straight line, f - worm
Aim: a worm (78% to hit)
You throw a poisoned dart. The poisoned dart hits the worm.
The worm is poisoned.
Throw: 5 darts (poison)
Press: ? - help, Shift-Dir - straight line, f/p - worm
Aim: a worm (poisoned, 78% to hit)
You throw a poisoned dart. The poisoned dart hits the worm.
The worm looks even sicker.
Throw: 4 darts (poison)
Press: ? - help, Shift-Dir - straight line, f/p - worm
Aim: a worm (very poisoned, 78% to hit)
You throw a poisoned dart. The poisoned dart hits the worm.
The worm looks even sicker.
You hit the worm but do no damage. Your headbutt misses the worm.
The worm is moderately wounded.
You barely miss the worm.
The worm is moderately wounded.
The worm bites you!
You die...

#.#
#.###
#...#
#(#.#
#(#.#
#.#.#
#w#.#
#@.#
#.##
#..##
....#
#....
....!
.....
##.#
#.


You could see a worm (very poisoned).

Vanquished Creatures
  2 ball pythons (D:1)
  4 endoplasms
  3 goblins (D:1)
  3 hobgoblins (D:1)
  A kobold (D:1)
  2 bats (D:1)
  A frilled lizard (D:1)
  A rat (D:1)
17 creatures vanquished.

Notes
Turn   | Place    | Note
-------+----------+-------------------------------------------
     0 | D:1      | Newt the Demonspawn Gladiator began the quest for the Orb.
     0 | D:1      | Reached XP level 1. HP: 16/16 MP: 1/1
    78 | D:1      | Found a faded altar of an unknown god.
   202 | D:1      | Gained mutation: You have a pair of small horns on your
                  | head. [demonic ancestry]
   202 | D:1      | Reached XP level 2. HP: 23/23 MP: 2/2
   659 | D:1      | Reached skill level 3 in Fighting
   940 | D:2      | Slain by a worm

Illustrated notes

Levels and vault maps discovered:
D:1:      nicolae_arrival_somewhat_less_tricky_arrival, layout_basic,
          ebering_ecumenical_altar_rust
D:2:      layout_loops_ring, minmay_quantized, uniq_natasha

Skill      XL: |  1  2 |
---------------+-------+-----
Fighting       | 3 |  3.2
Short Blades   | |  2.6
Throwing       | |  1.7
Dodging        | |  2.6

Action                     || total
---------------------------++-------
  Melee: Rapier            ||    21
         Short sword       ||    22
         Headbutt          ||     6
  Throw: Dart              ||     3
    Use: Scroll            ||     6
 Armour: Leather armour    ||    14
  Dodge: Dodged            ||    26

Table legend: (Time is in decaauts)
 A = Elapsed time spent in this place.
 B = Non-inter-level travel time spent in this place.
 C = Inter-level travel time spent in this place.
 D = Time resting spent in this place.
 E = Time spent auto-exploring this place.
 F = Levels seen in this place.
 G = Mean time per level.
                   A        B        C        D        E       F      G
               +--------+--------+--------+--------+--------+-----+--------+
         Total |    936 |    889 |     47 |      0 |    753 |   2 |  468.0 |
       Dungeon |    936 |    889 |     47 |      0 |    753 |   2 |  468.0 |
               +--------+--------+--------+--------+--------+-----+--------+

Top non-repeatable levels by time:
     D:1: 916 daAuts
     D:2: 19 daAuts
